 Dungeon Crawl Stone Soup version 0.29.1-15-g9cfb28693d (webtiles) character file.

Game seed: 11821176919023600751

426635 Glaciallarry the Slayer (level 23, -4/223 HPs)
             Began as a Hill Orc Abyssal Knight on Mar 18, 2023.
             Was the Champion of Lugonu.
             Slain by a fenstrider witch
             ... wielding a staff of death
              (27 damage)
             ... in a wizard's laboratory on Apr 10, 2023.
             The game lasted 03:58:02 (54255 turns).

Glaciallarry the Slayer (Hill Orc Abyssal Knight)  Turns: 54255, Time: 03:58:02

Health: -4/223     AC: 29    Str: 29    XL:     23   Next: 48%
Magic:  9/37       EV: 19    Int:  8    God:    Lugonu [******]
Gold:   815        SH: 19    Dex: 13    Spells: 21/22 levels left

rFire   + + +      SeeInvis .   s - +9 broad axe (vamp)
rCold   + . .      Faith    .   Q - +2 kite shield {rF+}
rNeg    . . .      Spirit   .   V - +3 plate armour {rC+}
rPois   +          Reflect  +   Y - +0 helmet of Anaesthesia {rF+ Regen+}
rElec   .          Harm     .   m - scarf {repulsion}
rCorr   +          Rampage  +   B - +1 pair of gloves {infuse}
Will    +++++                   n - +0 pair of boots "Maniemoe" {rPois rF+ Will++ Int-3}
Stlth   ..........              g - amulet of Kyrox {Reflect Rampage +Inv Will++ rCorr Int-5 SH+5}
HPRegen 1.27/turn               u - ring of the Hare {EV+8}
MPRegen 0.25/turn               a - ring of Uzucs {Str+4 Int+6}

@: lethally poisoned (-4 -> -4), studying 2 skills, repel missiles, very slow
A: hooves 1, iridescent scales 1
}: 3/15 runes: barnacled, abyssal, gossamer
a: Renounce Religion, Evoke Invisibility, Depart the Abyss, Bend Space, Banish,
Corrupt, Enter the Abyss


You were in a wizard's laboratory.
You worshipped Lugonu.
Lugonu was exalted by your worship.
You visited 8 branches of the dungeon, and saw 39 of its levels.
You visited the Abyss 3 times.
You also visited: Sewer, Gauntlet, Volcano and Wizlab.

You collected 5810 gold pieces.
You spent 4995 gold pieces at shops.

Inventory:

Hand Weapons
 p - a +2 antimagic broad axe
 s - a +9 vampiric broad axe (weapon)
 J - a +7 demon trident of distortion
Missiles
 h - 7 throwing nets (quivered)
 E - 14 curare-tipped darts
 X - 14 silver javelins
Armour
 m - a scarf of repulsion (worn)
 n - the +0 pair of boots "Maniemoe" (worn) {rPois rF+ Will++ Int-3}
   (You found it on level 3 of the Elven Halls)

   Int:       It affects your intelligence (-3).
   rF:        It protects you from fire.
   rPois:     It protects you from poison.
   Will:      It greatly increases your willpower.
 B - a +1 pair of gloves of infusion (worn)
 Q - a +2 kite shield of fire resistance (worn)
 V - a +3 plate armour of cold resistance (worn)
 Y - the +0 helmet of Anaesthesia (worn) {rF+ Regen+}
   (You acquired it on level 10 of the Dungeon)

   rF:        It protects you from fire.
   Regen:     It increases your rate of health regeneration.
Jewellery
 a - the ring of Uzucs (right hand) {Str+4 Int+6}
   (You found it on level 2 of the Shoals)

   [ring of intelligence]

   Str:       It affects your strength (+4).
   Int:       It affects your intelligence (+6).
 g - the amulet of Kyrox (around neck) {Reflect Rampage +Inv Will++ rCorr Int-5 SH+5}
   (You acquired it on level 1 of the Depths)

   [amulet of reflection]

   It reflects blocked missile attacks.
   Int:       It affects your intelligence (-5).
   +Inv:      It lets you turn invisible.
   rCorr:     It protects you from acid and corrosion.
   SH:        It affects your SH (+5).
   Rampage:   It bestows one free step when moving towards enemies.
   Will:      It greatly increases your willpower.
 u - the ring of the Hare (left hand) {EV+8}
   (You found it on level 4 of the Shoals)

   [ring of evasion]

   EV:        It affects your evasion (+8).
 A - the ring of Tuuc {rN+ rCorr Int-5 SInv}
   (You took it off a deep elf archer on level 3 of the Elven Halls)

   [ring of positive energy]

   Int:       It affects your intelligence (-5).
   rN:        It protects you from negative energy.
   SInv:      It lets you see invisible.
   rCorr:     It protects you from acid and corrosion.
 H - a ring of see invisible
 L - the amulet "Kathelun" {Rampage rElec rN+ Regen+}
   (You acquired it on level 5 of the Lair of Beasts)

   [amulet of regeneration]

   rElec:     It insulates you from electricity.
   rN:        It protects you from negative energy.
   Regen:     It increases your rate of health regeneration.
   Rampage:   It bestows one free step when moving towards enemies.
Wands
 f - a wand of acid (8)
 r - a wand of iceblast (10)
 x - a wand of polymorph (22)
 O - a wand of paralysis (18)
 S - a wand of flame (35)
 T - a wand of digging (10)
 Z - a wand of mindburst (38)
Scrolls
 d - 6 scrolls of vulnerability
 j - 4 scrolls of silence
 k - 10 scrolls of fear
 o - 6 scrolls of blinking
 t - 18 scrolls of teleportation
 v - 10 scrolls of poison
 w - 3 scrolls of summoning
 I - 6 scrolls of butterflies
 R - 3 scrolls of immolation
Potions
 b - 8 potions of attraction
 e - 13 potions of mutation
 i - 3 potions of berserk rage
 l - 3 potions of lignification
 q - 5 potions of haste
 z - 5 potions of flight
 C - 4 potions of resistance
 F - 3 potions of might
 G - 7 potions of ambrosia
 K - a potion of invisibility
 P - 3 potions of heal wounds
Miscellaneous
 y - a condenser vane
 D - a phantom mirror
 M - a lightning rod (4/4)
 N - a phial of floods
 U - a tin of tremorstones (2/2)
 W - a box of beasts


   Skills:
 - Level 22.0 Fighting
 - Level 18.0(19.3) Axes
 - Level 10.1(14.0) Polearms
 - Level 9.9 Throwing
 - Level 18.0 Armour
 - Level 10.3 Dodging
 - Level 8.0 Stealth
 + Level 13.1 Shields
 - Level 3.0 Translocations
 - Level 20.7 Invocations
 - Level 18.0 Evocations


You had 21 spell levels left.
You knew the following spells:

 Your Spells              Type           Power      Damage    Failure   Level
a - Apportation           Tloc           8%         N/A       75%         1

Your spell library contained the following spells:

 Spells                   Type           Power      Damage    Failure   Level
 Blink                    Tloc           8%         N/A       87%         2
 Gell's Gravitas          Tloc           4%         N/A       98%         3
 Lesser Beckoning         Tloc           4%         N/A       98%         3
 Teleport Other           Tloc           4%         N/A       98%         3
 Beastly Appendage        Tmut           0%         N/A       99%         1
 Foxfire                  Conj/Fire      0%         2x1d4     99%         1
 Magic Dart               Conj           0%         1d3       99%         1
 Necrotise                Necr           0%         1d4       99%         1
 Shock                    Conj/Air       0%         1d3       99%         1
 Sting                    Tmut/Pois      0%         1d3       99%         1
 Call Imp                 Summ           0%         N/A       99%         2
 Ensorcelled Hibernation  Hex/Ice        0%         N/A       99%         2
 Poisonous Vapours        Pois/Air       0%         N/A       99%         2
 Searing Ray              Conj           0%         2d4       99%         2
 Static Discharge         Conj/Air       0%         3-3/arc   99%         2
 Sublimation of Blood     Necr           0%         N/A       99%         2
 Wereblood                Tmut           0%         N/A       99%         2
 Confusing Touch          Hex            0%         N/A       100%        3
 Conjure Flame            Conj/Fire      0%         6-21      100%        3
 Dazzling Flash           Conj/Hex       0%         N/A       100%        3
 Ignite Poison            Fire/Tmut/Pois 0%         N/A       100%        3
 Inner Flame              Hex/Fire       0%         N/A       100%        3
 Mephitic Cloud           Conj/Pois/Air  0%         N/A       100%        3
 Portal Projectile        Hex/Tloc       4%         N/A       100%        3
 Spider Form              Tmut/Pois      0%         N/A       100%        3
 Swiftness                Air            0%         N/A       100%        3
 Tukima's Dance           Hex            0%         N/A       100%        3
 Vampiric Draining        Necr           0%         2d6       100%        3
 Airstrike                Air            0%         2d(0-16)  100%        4
 Anguish                  Hex/Necr       0%         N/A       100%        4
 Animate Armour           Summ/Erth      0%         N/A       100%        4
 Animate Dead             Necr           0%         N/A       100%        4
 Dispel Undead            Necr           0%         3d6       100%        4
 Flame Wave               Conj/Fire      0%         2d4       100%        4
 Fulminant Prism          Conj/Hex       0%         3d6       100%        4
 Hailstorm                Conj/Ice       0%         3d3       100%        4
 Ice Form                 Ice/Tmut       0%         N/A       100%        4
 Iskenderun's Mystic Bla  Conj/Tloc      2%         2d3       100%        4
 Leda's Liquefaction      Hex/Erth       0%         N/A       100%        4
 Passage of Golubria      Tloc           4%         N/A       100%        4
 Sticky Flame             Conj/Fire      0%         2d3       100%        4
 Summon Lightning Spire   Summ/Air       0%         N/A       100%        4
 Agony                    Necr           0%         N/A       100%        5
 Alistair's Intoxication  Tmut/Pois      0%         N/A       100%        5
 Blade Hands              Tmut           0%         N/A       100%        5
 Borgnjor's Vile Clutch   Necr/Erth      0%         N/A       100%        5
 Freezing Cloud           Conj/Ice/Air   0%         6-21      100%        5
 Iskenderun's Battlesphe  Conj           0%         2d6       100%        5
 Lee's Rapid Deconstruct  Erth           0%         3d5*      100%        5
 Lightning Bolt           Conj/Air       0%         1d11      100%        5
 Manifold Assault         Tloc           4%         N/A       100%        5
 Silence                  Hex/Air        0%         N/A       100%        5
 Summon Forest            Summ/Tloc      1%         N/A       100%        5
 Summon Mana Viper        Hex/Summ       0%         N/A       100%        5
 Yara's Violent Unravell  Hex/Tmut       0%         3d3       100%        5
 Conjure Ball Lightning   Conj/Air       0%         3x3d6     100%        6
 Death Channel            Necr           0%         N/A       100%        6
 Iron Shot                Conj/Erth      0%         9d1       100%        6
 Simulacrum               Ice/Necr       0%         N/A       100%        6
 Statue Form              Tmut/Erth      0%         N/A       100%        6
 Summon Cactus Giant      Summ           0%         N/A       100%        6
 Enfeeble                 Hex            0%         N/A       100%        7
 Haunt                    Necr/Summ      0%         N/A       100%        7
 Malign Gateway           Summ/Tloc      1%         N/A       100%        7
 Orb of Destruction       Conj           0%         9d5       100%        7
 Spellforged Servitor     Conj/Summ      0%         N/A       100%        7
 Storm Form               Tmut/Air       0%         N/A       100%        7
 Summon Hydra             Summ           0%         N/A       100%        7
 Borgnjor's Revivificati  Necr           0%         N/A       100%        8
 Infestation              Necr           0%         N/A       100%        8
 Maxwell's Capacitive Co  Air            0%         ∞         100%        8
 Necromutation            Tmut/Necr      0%         N/A       100%        8
 Summon Horrible Things   Summ           0%         N/A       100%        8
 Death's Door             Necr           0%         N/A       100%        9
 Fire Storm               Conj/Fire      0%         5d1       100%        9


Dungeon Overview and Level Annotations

Branches:
Dungeon (15/15)            Temple (0/1) D:7            Lair (5/5) D:10
 Shoals (4/4) Lair:2       Spider (4/4) Lair:2        Slime (0/5) Lair:4
    Orc (2/2) D:11            Elf (3/3) Orc:2        Vaults (2/5) D:13
 Depths (4/4) D:15            Zot (0/5) Depths:4      Sewer (visited)
Volcano (visited)          WizLab (1/1)             Gauntlet (visited)
  Crypt: Vaults:2-3

Altars:
Ashenzari
Dithmenos
Fedhas
Kikubaaqudgha
Makhleb
Nemelex Xobeh
Okawaru
Qazlal
Trog
Uskayaw
Wu Jian
Xom
Yredelemnul
Zin
The Shining One
Beogh
Jiyva

Shops:
D:2 (:(?   D:8 :   Orc:1 (   Orc:2 :*(*?   Elf:1 :   Elf:3 ?   Shoals:2 :
Shoals:3 *   Vaults:1 *   Depths:4 *?*[[

Portals:
Hell: Depths:1 Depths:2 Depths:3 Depths:4
Abyss: Depths:3
Pandemonium: Depths:2 Depths:3
Ziggurat: Depths:4

Annotations:
D:10 corrupted
D:15 corrupted


Innate Abilities, Weirdness & Mutations

You have large cloven feet.
You are partially covered in iridescent scales. (AC +2)


Message History

The fenstrider witch kicks you.
* * * LOW HITPOINT WARNING * * *
Your lightning rod (4/4) has regained one charge.
You closely miss the fenstrider witch.
The fenstrider witch is moderately wounded.
The naga sharpshooter shoots an arrow.
The arrow misses you.
You block the fenstrider witch's attack. x2
Unknown command.
You miss the fenstrider witch.
The fenstrider witch is moderately wounded.
The naga sharpshooter shoots an arrow.
The arrow completely misses you.
The fenstrider witch completely misses you.
The fenstrider witch kicks you!
* * * LOW HITPOINT WARNING * * *
Unknown command.
You slice the fenstrider witch!!
The fenstrider witch is severely wounded.
The naga sharpshooter shoots an arrow.
You reflect the arrow off an invisible shield around you!
The arrow hits the naga sharpshooter!
The fenstrider witch gestures at you while chanting.
The toxic sludge hits you.
You are poisoned.
* * * LOW HITPOINT WARNING * * *
Splash!
You fall into the toxic bog.
Moving in this stuff is going to be slow.
Okay, then.
You feel better.
You fester in the toxic bog.
You partially resist.
You are poisoned.
You feel sick. The fenstrider witch misses you.
The fenstrider witch kicks you but does no damage.
The naga sharpshooter shoots an arrow.
The arrow barely misses you.
Unknown command.
You feel better.
You fester in the toxic bog!
You partially resist.
You are poisoned.
You feel sick.
The fenstrider witch hits you but does no damage.
You writhe in agony!!
You die...

♣♣♣♣♣ ♣♣♣♣♣.....
♣♣♣♣♣.........
♣♣♣.............
♣♣♣.......@)......
♣♣..N....)♣.H∩..⌠..
♣♣N∩...∩..♣♣♣##.....
♣........♣♣ ...#
♣...♣.⌠..♣♣ ... P..
♣♣...♣♣ .. ♣..
♣♣...♣♣ . ♣...
♣♣.)[♣♣ ♣...♣
♣♣)..♣♣ ♣...♣


You could see a naga sharpshooter and a fenstrider witch.

Vanquished Creatures
  A juggernaut (Depths:4)
  Saint Roka (Vaults:1)
  Josephina (Depths:2)
  3 golden dragons
  Nikola (Shoals:4)
  the Enchantress (Depths:2)
  Arachne (Spider:2)
  Zenata (Vaults:2)
  2 tentacled monstrosities
  A lich (Depths:2)
  3 deep elf blademasters (Elf:3)
  Mlioglotl (Spider:4)
  A quicksilver dragon (Depths:4)
  A walking earthen tome (Depths:2)
  Asterion (Elf:2)
  7 deep elf master archers
  Polyphemus (Shoals:3)
  Agnes (Elf:2)
  Frances (Elf:1)
  4 krakens
  2 tentacled starspawn (Abyss:3)
  2 shadow dragons
  A sphinx (Depths:2)
  A storm dragon (Depths:4)
  A thorn hunter (WizLab)
  A tengu reaver (Depths:2)
  Donald (Elf:1)
  5 frost giants
  2 fire giants (Depths:1)
  A fenstrider witch (WizLab)
  8 deep elf sorcerers (Elf:3)
  3 vault wardens (Vaults:1)
  A draconian knight (Depths:4)
  Roxanne (Spider:1)
  The ghost of kthxbai the Brawler, an adept VSFi of Gozag (Shoals:2)
  A balrug (Depths:2)
  2 emperor scorpions (Spider:4)
  The ghost of Nattefrost the Warrior, a journeyman MiBe of Trog (Orc:1)
  Aizul (Vaults:1)
  4 ghost moths
  Louise (Shoals:2)
  An iron dragon (Depths:3)
  2 deep elf elementalists (Elf:3)
  4 ironbound preservers (Vaults:1)
  5 spriggan defenders
  4 vampire knights
  6 broodmothers
  21 very ugly things
  4 ironbound thunderhulks (Vaults:1)
  9 stone giants
  An eleionoma (WizLab)
  10 entropy weavers
  A green draconian (Depths:4)
  5 deep elf demonologists
  5 dire elephants
  Nessos (Orc:2)
  A black draconian (Depths:4)
  10 spark wasps
  Azrael (Orc:2)
  A minotaur (Gauntlet)
  A red draconian (Volcano)
  3 deep elf death magi (Elf:3)
  5 deep elf annihilators (Elf:3)
  4 ettins
  8 merfolk impalers
  6 merfolk javelineers
  A shambling mangrove (WizLab)
  10 fire dragons
  2 deep elf high priests (Elf:3)
  3 hell beasts
  Erolcha (D:12)
  5 ice dragons
  5 rakshasas
  3 vault guards (Vaults:1)
  7 boulder beetles
  2 jorogumos
  2 yaktaur captains
  8 hydras
  7 merfolk avatars
  3 spriggan air magi
  7 two-headed ogres
  2 catoblepae
  An ogre mage (D:13)
  8 centaur warriors
  2 ironbound frosthearts (Vaults:1)
  A radroach (Spider:3)
  An alligator snapping turtle (Shoals:4)
  Erica (D:8)
  A radroach (shapeshifter) (Depths:3)
  13 death yaks
  6 deep troll shamans
  9 merfolk aquamancers
  37 dancing weapons
  7 satyrs
  A naga sharpshooter (WizLab)
  8 tengu warriors
  A death scarab (Spider:4)
  A vampire mage (Depths:1)
  10 deep troll earth magi
  2 hell hogs (Depths:1)
  2 thrashing horrors (Abyss:3)
  7 orc high priests (Orc:2)
  Sonja (D:13)
  3 spriggan berserkers
  Urug (Lair:2)
  14 deep elf knights
  4 hell knights
  2 sixfirhies
  2 sun demons (Depths:2)
  14 sea snakes
  4 wretched stars (Abyss:3)
  7 iron trolls
  2 pharaoh ants (Spider:2)
  A salamander mystic (Volcano)
  A sun moth (Spider:3)
  Amaemon (Lair:2)
  5 skeletal warriors
  2 large abominations (Abyss:3)
  2 flayed ghosts
  9 orb spiders
  A spectral anaconda (Lair:5)
  A glowing orange brain (Depths:3)
  A steelbarb worm (shapeshifter) (Depths:2)
  25 deep trolls
  5 steelbarb worms
  11 deep elf archers
  An orange crystal statue (D:14)
  11 lindwurms
  7 necromancers
  An obsidian statue (Lair:5)
  35 wolf spiders
  26 deep elf pyromancers
  24 deep elf zephyrmancers
  3 harpies (Shoals:4)
  4 ironbound convokers (Vaults:1)
  14 fauns
  5 orc knights
  3 cyclopes
  13 manticores
  2 orc sorcerers
  14 ugly things
  A will-o-the-wisp (Lair:5)
  6 moths of wrath
  An oklob plant (WizLab)
  A worldbinder (Abyss:3)
  Joseph (D:7)
  20 elephants
  Maurice (Orc:2)
  6 vault sentinels (Vaults:1)
  5 water nymphs
  9 merfolk sirens
  5 salamanders
  3 smoke demons
  7 black mambas
  5 torpor snails
  4 molten gargoyles
  4 orange demons
  2 gargoyles
  4 centaur skeletons (D:13)
  9 cane toads
  6 demonic crawlers
  9 komodo dragons
  A dire elephant skeleton (Lair:5)
  3 yaktaurs
  6 tengu conjurers
  An efreet (D:13)
  2 kobold demonologists
  A red devil (Depths:3)
  5 ice devils
  2 hellwings
  30 merfolk
  13 meliai
  9 wind drakes
  2 polar bears
  2 hornets
  A queen bee (Abyss:3)
  12 trolls
  A shadow dragon simulacrum (Depths:2)
  21 slime creatures
  36 blink frogs
  38 tarantellas
  An iron dragon simulacrum (Depths:2)
  A fire giant simulacrum (Depths:2)
  2 raiju (Abyss:3)
  4 dream sheep (Shoals:4)
  3 spriggans
  A frost giant simulacrum (Depths:2)
  38 jumping spiders
  46 yaks
  A culicivora (shapeshifter) (Elf:1)
  27 culicivoras
  3 shadows
  11 snapping turtles
  20 water elementals
  3 air elementals
  6 fire bats
  5 wraiths
  3 small abominations (Abyss:3)
  A ynoxinul (Depths:2)
  A human (shapeshifter) (D:14)
  4 wyverns
  4 basilisks
  2 neqoxecs
  8 fire elementals
  2 steam dragons
  6 hogs (D:12)
  Grum (D:8)
  A fire bat (shapeshifter) (Depths:2)
  75 redbacks
  7 vampire mosquitoes
  2 chaos spawn (Depths:3)
  10 wargs
  2 death yak simulacra (Lair:5)
  4 spectral cane toads (Lair:5)
  Menkaure (D:7)
  A naga zombie (Abyss:3)
  4 hell hounds (Orc:2)
  12 water moccasins
  27 orc warriors
  An elephant zombie (Lair:5)
  12 ogres
  3 centaurs
  The ghost of gargbit the Shooter, an amateur DsHu (D:4)
  7 wolves
  An elephant skeleton (Lair:5)
  4 phantoms
  3 kobold brigands
  A necrophage (D:7)
  Blork the orc (D:5)
  9 bullfrogs
  3 earth elementals
  2 cane toad simulacra (Lair:5)
  3 scorpions
  A gnoll sergeant (D:9)
  4 wights (D:9)
  An elephant simulacrum (Lair:5)
  An electric eel (Elf:3)
  2 howler monkeys (D:6)
  5 lava snakes (Volcano)
  2 crimson imps
  A jelly (D:6)
  Crazy Yiuf (D:7)
  5 hounds
  3 bullfrog skeletons (D:4)
  39 orc priests
  An iguana (D:4)
  19 orc wizards
  7 hell rats (Lair:5)
  A mummy (D:7)
  5 gnolls (D:9)
  A river rat (Sewer)
  9 adders
  4 shadow imps
  5 white imps
  3 worms
  3 dart slugs
  90 orcs
  8 endoplasms
  4 giant cockroaches
  9 goblins
  9 hobgoblins
  2 jackals (D:2)
  A quokka (D:2)
  3 training dummies (Orc:1)
  5 ball pythons
  9 bats
  14 frilled lizards
  18 kobolds
  10 rats
  2 starspawn tentacles (Abyss:3)
  11 tentacles
1677 creatures vanquished.

Vanquished Creatures (collateral kills)
  A boulder beetle (Lair:1)
1 creature vanquished.

Vanquished Creatures (others)
  Kirke (D:12)
  A draconian knight (Depths:4)
  A fire giant (Depths:2)
  A broodmother (Spider:4)
  A green draconian (Depths:4)
  A caustic shrike simulacrum (Depths:2)
  A hydra (D:15)
  A satyr (Shoals:4)
  A centaur warrior (D:10)
  A two-headed ogre (D:10)
  A dancing weapon (Elf:3)
  A tengu warrior (D:10)
  A thrashing horror (Abyss:3)
  A deep elf knight (Elf:2)
  3 skeletal warriors (D:15)
  A deep troll (Depths:3)
  A wizard (D:10)
  A deep elf archer (Elf:2)
  An orc knight (D:10)
  2 deep elf zephyrmancers
  4 ugly things
  3 manticores
  An elephant (Lair:5)
  An unseen horror (D:10)
  A yaktaur (D:15)
  A hornet (D:10)
  3 slime creatures
  A culicivora (shapeshifter) (D:10)
  A wyvern (D:10)
  A wraith (D:10)
  2 basilisks (D:10)
  5 yaks (D:10)
  An orc warrior (D:10)
  3 wights
  An orc priest (D:10)
  An orc wizard (D:10)
  2 orcs (D:10)
  2 foxfires (Lair:5)
  24 fungi
  A lurking horror (Abyss:3)
  107 plants
  9 starspawn tentacles
  27 tentacles
  32 withered plants (Lair:5)
257 creatures vanquished.

Grand Total: 1935 creatures vanquished

Notes
Turn   | Place    | Note
-------+----------+-------------------------------------------
     0 | Abyss:1  | Glaciallarry the Hill Orc Abyssal Knight began the quest
                  | for the Orb.
     0 | Abyss:1  | Reached XP level 1. HP: 19/19 MP: 2/2
     1 | D:1      | Escaped the Abyss
   385 | D:1      | Reached XP level 2. HP: 26/26 MP: 3/3
   865 | D:1      | Reached XP level 3. HP: 31/31 MP: 5/5
  1247 | D:2      | Found a faded altar of an unknown god.
  1371 | D:2      | Reached *** piety under Lugonu
  1541 | D:2      | Found Iveniat's Antique Weapon Shoppe.
  1642 | D:2      | You fall into a shaft and drop 2 floors!
  1645 | D:4      | Found a runed translucent gate.
  1645 | D:4      | Found a runed translucent gate.
  1645 | D:4      | Found a runed translucent gate.
  1851 | D:4      | Reached skill level 5 in Invocations
  1851 | D:4      | Reached XP level 4. HP: 34/39 MP: 7/7
  1934 | D:4      | Noticed a scorpion
  2048 | D:2      | Found Jaoriehu's Antique Weapon Boutique.
  2259 | D:2      | Found Tukkihuex's Magic Scroll Shop.
  2274 | D:2      | Bought a scroll of teleportation for 39 gold pieces
  2274 | D:2      | Bought a scroll of identify for 26 gold pieces
  2378 | D:2      | Found Sontos's Book Emporium.
  3346 | D:4      | Reached XP level 5. HP: 42/44 MP: 9/9
  3361 | D:3      | Reached **** piety under Lugonu
  3653 | D:4      | Reached skill level 5 in Axes
  3707 | D:4      | Noticed a phantom
  3880 | D:4      | Reached XP level 6. HP: 43/51 MP: 10/10
  3975 | D:4      | Identified the +0 leather armour of the Ego {Int+2 SInv}
  4373 | D:4      | Noticed gargbit's ghost (amateur DsHu)
  4386 | D:4      | Killed gargbit's ghost
  4387 | D:4      | Reached skill level 4 in Fighting
  4387 | D:4      | Reached XP level 7. HP: 43/59 MP: 11/11
  4545 | D:4      | Learned a level 1 spell: Apportation
  4584 | D:5      | Entered Level 5 of the Dungeon
  4596 | D:5      | Reached skill level 5 in Fighting
  4690 | D:5      | Found the +7 Kryia's mail coat {PotionHeal*2 rC+}
  4721 | D:5      | Found a glowing drain.
  4841 | Sewer    | Entered a sewer
  5357 | D:5      | Noticed Blork the orc
  5368 | D:5      | Killed Blork the orc
  5369 | D:5      | Reached XP level 8. HP: 65/68 MP: 14/14
  5412 | D:5      | Found a bloodstained altar of Trog.
  5802 | D:5      | Identified the +4 hand axe "Jellyslayer" {vorpal, rElec}
  5966 | D:6      | Reached skill level 10 in Axes
  5966 | D:6      | Reached skill level 1 in Shields
  6149 | D:6      | Reached ***** piety under Lugonu
  6163 | D:6      | Reached XP level 9. HP: 65/74 MP: 15/15
  6237 | D:6      | Reached skill level 5 in Shields
  6571 | D:6      | Reached skill level 6 in Fighting
  7075 | D:7      | Found a staircase to the Ecumenical Temple.
  7091 | D:7      | Reached skill level 7 in Fighting
  7239 | D:7      | Found a basalt altar of Yredelemnul.
  7241 | D:7      | Noticed Menkaure
  7245 | D:7      | Found an ancient bone altar of Kikubaaqudgha.
  7477 | D:7      | Found a transporter.
  7482 | D:7      | Found a transporter.
  7497 | D:7      | Reached skill level 8 in Fighting
  7602 | D:7      | Found a runed translucent door.
  7603 | D:7      | Noticed Crazy Yiuf
  7607 | D:7      | Killed Crazy Yiuf
  7612 | D:7      | Identified the +6 hammer "Spiderslayer" {freeze, Will++}
  7721 | D:7      | Noticed Joseph
  7753 | D:7      | Killed Joseph
  7754 | D:7      | Reached skill level 5 in Armour
  8595 | D:8      | Reached skill level 1 in Evocations
  8606 | D:8      | Reached XP level 10. HP: 83/88 MP: 14/16
  8626 | D:8      | Noticed Grum
  8640 | D:8      | Killed Grum
  8844 | D:8      | Noticed Erica
  8859 | D:8      | Killed Erica
  8860 | D:8      | Reached skill level 5 in Evocations
  9240 | D:8      | Found Kyfyt's Vocational Training.
  9633 | D:8      | Got the Vellum of Petrified Outbursts
  9687 | D:8      | Found a sparkling altar of Nemelex Xobeh.
  9737 | D:9      | Reached skill level 9 in Fighting
  9883 | D:9      | Found a shadowy altar of Dithmenos.
  9948 | D:9      | Reached skill level 10 in Fighting
 10114 | D:9      | Reached skill level 10 in Invocations
 10158 | D:9      | Found a glowing silver altar of Zin.
 10330 | D:9      | Reached XP level 11. HP: 97/99 MP: 18/18
 10814 | D:9      | Found an ornate altar of the Wu Jian Council.
 11006 | D:10     | Entered Level 10 of the Dungeon
 11207 | D:10     | Found a staircase to the Lair.
 11533 | D:10     | Found a hide-covered altar of Uskayaw.
 11534 | D:10     | Found a bloodstained altar of Trog.
 11534 | D:10     | Found a broken altar of Ashenzari.
 11534 | D:10     | Found a bloodstained altar of Trog.
 11552 | D:10     | Noticed a manticore
 11552 | D:10     | Noticed a wizard
 11552 | D:10     | Noticed a tengu warrior
 11552 | D:10     | Noticed a centaur warrior
 11553 | D:10     | Corrupted D:10
 11553 | D:10     | Noticed a thrashing horror
 11553 | D:10     | Noticed a rakshasa
 11554 | D:10     | Noticed a black draconian knight
 11555 | D:10     | Noticed a starcursed mass
 11558 | D:10     | Noticed a sun demon
 11568 | D:10     | Noticed a green ugly thing
 11568 | D:10     | Killed a tengu warrior
 11571 | D:10     | Killed a centaur warrior
 11572 | D:10     | Noticed an orc knight
 11573 | D:10     | Killed a wizard
 11575 | D:10     | Killed an orc knight
 11575 | D:10     | Killed a manticore
 11578 | D:10     | Killed a green ugly thing
 11587 | D:10     | Noticed a large abomination
 11594 | D:10     | Killed a two-headed ogre
 11597 | D:10     | Got the Opusculum on Mutable Gusts
 11599 | D:10     | Identified the +1 helmet of the Spider Nest {Harm rC+ rN+
                  | Stlth-}
 11600 | D:10     | Identified the +0 robe of Foenoahug {Dex+3}
 11914 | D:10     | Noticed a two-headed ogre
 11929 | D:10     | Killed a two-headed ogre
 11965 | D:10     | Identified 2 scrolls of acquirement
 11966 | D:10     | Acquired the +0 helmet of Anaesthesia {rF+ Regen+}
 11978 | D:10     | Acquired the +3 buckler of the New World {Str+5}
 12030 | D:10     | Noticed a two-headed ogre
 12042 | D:10     | Killed a two-headed ogre
 12121 | D:10     | Found a shimmering altar of Xom.
 12122 | D:10     | Found a burning altar of Makhleb.
 12168 | D:10     | Noticed a two-headed ogre
 12189 | D:10     | Killed a two-headed ogre
 12449 | D:10     | Noticed a two-headed ogre
 12458 | D:10     | Killed a two-headed ogre
 12459 | D:10     | Found an iron altar of Okawaru.
 12643 | D:11     | Found a staircase to the Orcish Mines.
 12679 | D:11     | Found a gate leading to a gauntlet.
 12715 | Gauntlet | Entered a Gauntlet
 12715 | Gauntlet | Found a transporter.
 12715 | Gauntlet | Found a transporter.
 12720 | Gauntlet | Found a transporter.
 12735 | Gauntlet | Found a transporter.
 12755 | Gauntlet | Noticed a dire elephant
 12756 | Gauntlet | Found a transporter.
 12765 | Gauntlet | Found a transporter.
 12767 | Gauntlet | Found a large runed translucent door.
 12767 | Gauntlet | Found a large runed translucent door.
 12768 | Gauntlet | Found a large runed translucent door.
 12768 | Gauntlet | Found a large runed translucent door.
 12769 | Gauntlet | Found a large runed translucent door.
 12769 | Gauntlet | Found a large runed translucent door.
 12769 | Gauntlet | Found a runed translucent door.
 12769 | Gauntlet | Found a runed translucent door.
 12769 | Gauntlet | Found a large runed translucent door.
 12770 | Gauntlet | Found a large runed translucent door.
 12777 | Gauntlet | Found a large runed translucent door.
 12777 | Gauntlet | Found a large runed translucent door.
 12778 | Gauntlet | Found a large runed translucent door.
 12778 | Gauntlet | Found a large runed translucent door.
 12779 | Gauntlet | Found a large runed translucent door.
 12779 | Gauntlet | Found a large runed translucent door.
 12844 | Gauntlet | Found a transporter.
 12858 | Gauntlet | Found a transporter.
 12880 | Gauntlet | Found a transporter.
 12881 | Gauntlet | Noticed an obsidian statue
 12887 | Gauntlet | Found a transporter.
 12890 | Gauntlet | Noticed a moth of wrath
 12903 | Gauntlet | Found a transporter.
 12916 | Gauntlet | Noticed a shining eye
 12970 | Gauntlet | Found a transporter.
 12974 | Gauntlet | Noticed a catoblepas
 12974 | Gauntlet | Noticed a swamp dragon
 12974 | Gauntlet | a water nymph changed into a swamp dragon
 12974 | Gauntlet | Noticed a moth of wrath
 12979 | Gauntlet | Noticed a two-headed ogre
 12980 | Gauntlet | Found a transporter.
 12980 | Gauntlet | Found a transporter.
 12980 | Gauntlet | a two-headed ogre changed into a merfolk
 12983 | Gauntlet | Noticed a moth of wrath
 12983 | Gauntlet | a merfolk changed into a moth of wrath
 12986 | Gauntlet | Found a large runed translucent door.
 12986 | Gauntlet | Noticed a moth of wrath
 12987 | Gauntlet | Found a large runed translucent door.
 12988 | Gauntlet | Noticed a lindwurm
 12988 | Gauntlet | a moth of wrath changed into a lindwurm
 12989 | Gauntlet | Found a runed translucent gate.
 12990 | Gauntlet | Found a transporter.
 12990 | Gauntlet | Found a runed translucent gate.
 12990 | Gauntlet | Noticed a cyclops
 12990 | Gauntlet | a moth of wrath changed into a cyclops
 12991 | Gauntlet | Found a runed translucent gate.
 12991 | Gauntlet | Noticed a wolf spider
 12992 | Gauntlet | a lindwurm changed into a merfolk
 13014 | Gauntlet | Noticed a bunyip
 13023 | Gauntlet | Noticed a six-headed hydra
 13023 | Gauntlet | Noticed an alligator
 13023 | Gauntlet | a six-headed hydra changed into an alligator
 13028 | Gauntlet | Found a transporter.
 13028 | Gauntlet | Noticed a steelbarb worm
 13028 | Gauntlet | a cyclops changed into a steelbarb worm
 13030 | Gauntlet | an alligator changed into a slime creature
 13031 | Gauntlet | a steelbarb worm changed into a redback
 13043 | Gauntlet | Noticed a shock serpent
 13043 | Gauntlet | an elephant changed into a shock serpent
 13046 | Gauntlet | a shock serpent changed into a slime creature
 13050 | Gauntlet | Noticed an anaconda
 13050 | Gauntlet | a slime creature changed into an anaconda
 13051 | Gauntlet | Noticed a spark wasp
 13051 | Gauntlet | an anaconda changed into a spark wasp
 13055 | Gauntlet | Noticed an ettin
 13055 | Gauntlet | a spark wasp changed into an ettin
 13056 | Gauntlet | Noticed a salamander
 13056 | Gauntlet | a dream sheep changed into a salamander
 13130 | Gauntlet | Noticed a wolf spider
 13130 | Gauntlet | a wolf spider changed into a swamp worm
 13133 | Gauntlet | Noticed an anaconda
 13133 | Gauntlet | a swamp worm changed into an anaconda
 13135 | Gauntlet | Noticed a two-headed ogre
 13136 | Gauntlet | Noticed a death drake
 13136 | Gauntlet | Noticed a shining eye
 13140 | Gauntlet | Noticed a radroach
 13140 | Gauntlet | an anaconda changed into a radroach
 13141 | Gauntlet | Noticed a boulder beetle
 13141 | Gauntlet | a radroach changed into a boulder beetle
 13142 | Gauntlet | Noticed an entropy weaver
 13142 | Gauntlet | a boulder beetle changed into an entropy weaver
 13143 | Gauntlet | Noticed a great orb of eyes
 13143 | Gauntlet | an entropy weaver changed into a great orb of eyes
 13162 | Gauntlet | Noticed a manticore
 13163 | Gauntlet | Noticed a broodmother
 13163 | Gauntlet | a slime creature changed into a broodmother
 13248 | Gauntlet | Killed a catoblepas
 13257 | Gauntlet | Reached XP level 12. HP: 90/108 MP: 17/21
 13300 | Gauntlet | Identified the +0 flail of Moderation {drain, Fragile rF+
                  | Dex+2 Stlth+}
 13301 | Gauntlet | Identified the +1 cloak "Sih Ugitt" {Int+5}
 13371 | Gauntlet | Reached skill level 11 in Fighting
 13491 | Gauntlet | Identified the +0 helmet of Submission {+Inv rPois}
 13513 | Gauntlet | Noticed a minotaur
 13524 | Gauntlet | Killed a minotaur
 13525 | Gauntlet | Reached skill level 12 in Fighting
 13745 | D:11     | Noticed a two-headed ogre
 13750 | D:11     | Noticed a six-headed hydra
 13755 | D:11     | Banished a six-headed hydra
 13765 | D:11     | Killed a two-headed ogre
 14832 | D:2      | Bought a runed war axe for 162 gold pieces
 14980 | Lair:1   | Entered Level 1 of the Lair of Beasts
 15469 | Lair:1   | Noticed a boulder beetle
 15481 | Lair:1   | Killed a boulder beetle
 15857 | Lair:2   | Reached skill level 10 in Armour
 15964 | Lair:2   | Noticed Urug
 15993 | Lair:2   | Killed Urug
 15996 | Lair:2   | Reached XP level 13. HP: 66/118 MP: 10/22
 16198 | Lair:2   | Reached skill level 15 in Axes
 16314 | Lair:2   | Found a hole to the Spider Nest.
 16455 | Lair:2   | Found a staircase to the Shoals.
 16555 | Lair:2   | Noticed Amaemon
 16566 | Lair:2   | Killed Amaemon
 16906 | Lair:2   | Acquired a +1 broad axe of draining
 16917 | Lair:3   | Found a stormy altar of Qazlal.
 16968 | Lair:3   | Reached ****** piety under Lugonu
 17495 | Lair:3   | Identified the +9 dagger "Emis Tal" {vorpal, Dex+4}
 17519 | Lair:3   | Reached skill level 1 in Dodging
 18017 | Lair:4   | Found a glowing golden altar of the Shining One.
 18113 | Lair:4   | Reached XP level 14. HP: 126/126 MP: 23/23
 18411 | Lair:4   | Found a staircase to the Slime Pits.
 18413 | Lair:4   | Found a viscous altar of Jiyva.
 18552 | Lair:5   | Entered Level 5 of the Lair of Beasts
 18613 | Lair:5   | Reached skill level 5 in Dodging
 18761 | Lair:5   | Reached skill level 13 in Fighting
 18862 | Lair:5   | Identified the +9 chain mail of Eternal Night {*Slow Dex+5}
 18969 | Lair:5   | Reached skill level 14 in Fighting
 19609 | Lair:5   | Noticed a dire elephant
 19609 | Lair:5   | Noticed a dire elephant
 19609 | Lair:5   | Noticed a dire elephant
 19611 | Lair:5   | Noticed a dire elephant
 19620 | Lair:5   | Killed a dire elephant
 19684 | Lair:5   | Reached skill level 15 in Fighting
 20046 | Lair:5   | Killed a dire elephant
 20047 | Lair:5   | Reached XP level 15. HP: 126/141 MP: 21/24
 20278 | Lair:5   | Got the Discursus on Snow
 20283 | Lair:5   | Acquired the amulet "Kathelun" {Rampage rElec rN+ Regen+}
 20550 | D:12     | Found an ancient bone altar of Kikubaaqudgha.
 20779 | D:12     | Noticed Kirke
 20796 | D:12     | Killed Kirke
 20871 | D:12     | Noticed Erolcha
 20882 | D:12     | Killed Erolcha
 21313 | D:13     | Noticed Sonja
 21319 | D:13     | Killed Sonja
 21491 | D:13     | Reached skill level 15 in Invocations
 21615 | D:13     | Found a gate to the Vaults.
 22158 | D:14     | Reached skill level 10 in Evocations
 22507 | D:14     | Found a blossoming altar of Fedhas.
 23043 | D:14     | Reached skill level 10 in Shields
 23065 | D:15     | Entered Level 15 of the Dungeon
 23065 | D:15     | Found a shimmering altar of Xom.
 23067 | D:15     | Found a shimmering altar of Xom.
 23067 | D:15     | Found a shimmering altar of Xom.
 23077 | D:15     | Found a shimmering altar of Xom.
 23099 | D:15     | Corrupted D:15
 23099 | D:15     | Noticed a tentacled starspawn
 23099 | D:15     | Noticed a tentacled starspawn
 23099 | D:15     | Noticed a lich
 23101 | D:15     | Reached XP level 16. HP: 89/149 MP: 19/27
 23101 | D:15     | Noticed a tentacled starspawn
 23116 | D:15     | Noticed a tentacled starspawn
 23563 | D:15     | Found a staircase to the Depths.
 23720 | Orc:1    | Entered Level 1 of the Orcish Mines
 23821 | Orc:1    | Noticed Nattefrost's ghost (journeyman MiBe)
 23826 | Orc:1    | Found a runed translucent gate.
 23826 | Orc:1    | Found a runed translucent gate.
 23862 | Orc:1    | Found Kiyt's Firing Range.
 23875 | Orc:1    | Bought a throwing net for 45 gold pieces
 23875 | Orc:1    | Bought a throwing net for 45 gold pieces
 23994 | Orc:1    | Found a runed translucent gate.
 24211 | Orc:1    | Killed Nattefrost's ghost
 24293 | Orc:2    | Entered Level 2 of the Orcish Mines
 24357 | Orc:2    | Found Fiydog's Self-Improvement Boutique.
 24357 | Orc:2    | Noticed Nessos
 24371 | Orc:2    | Killed Nessos
 24389 | Orc:2    | Noticed Maurice
 24403 | Orc:2    | Killed Maurice
 24506 | Orc:2    | Found Ynah's General Store.
 24506 | Orc:2    | Found Icog's Antique Weapon Boutique.
 24551 | Orc:2    | Found a staircase to the Elven Halls.
 24580 | Orc:2    | Noticed Azrael
 24587 | Orc:2    | Reached skill level 16 in Fighting
 24603 | Orc:2    | Killed Azrael
 24615 | Orc:2    | Found a dark tunnel.
 24663 | Volcano  | Entered a volcano
 24900 | Volcano  | Found a radiant altar of Vehumet.
 25292 | Orc:2    | Found a roughly hewn altar of Beogh.
 25517 | Orc:2    | Found Jawu's General Store.
 25517 | Orc:2    | Found Cadov's Magic Scroll Boutique.
 25522 | Orc:2    | Bought a scroll of blinking for 112 gold pieces
 25522 | Orc:2    | Bought a potion of resistance for 150 gold pieces
 25531 | Orc:2    | Bought a scroll of enchant weapon for 82 gold pieces
 25531 | Orc:2    | Bought a scroll of torment for 104 gold pieces
 25531 | Orc:2    | Bought a scroll of fear for 44 gold pieces
 25985 | Elf:1    | Entered Level 1 of the Elven Halls
 26123 | Spider:1 | Entered Level 1 of the Spider Nest
 26297 | Spider:1 | Identified the +1 robe "Pyockam" {+Inv Str+3}
 26493 | Spider:1 | Identified Roxanne's Folio of Intimidation
 26493 | Spider:1 | Noticed Roxanne
 27403 | Spider:1 | Killed Roxanne
 27404 | Spider:1 | Reached XP level 17. HP: 86/158 MP: 29/29
 27735 | Spider:2 | Noticed Arachne
 27757 | Spider:2 | Killed Arachne
 28772 | Spider:3 | Reached skill level 17 in Fighting
 29260 | Spider:3 | Reached skill level 18 in Fighting
 29567 | Spider:4 | Entered Level 4 of the Spider Nest
 29889 | Spider:4 | Reached XP level 18. HP: 154/172 MP: 31/31
 29897 | Spider:4 | Reached skill level 15 in Armour
 30263 | Spider:4 | Noticed Mlioglotl
 30272 | Spider:4 | Killed Mlioglotl
 30506 | Spider:4 | Got a gossamer rune of Zot
 30849 | Shoals:1 | Entered Level 1 of the Shoals
 31401 | Shoals:2 | Found a transporter.
 31401 | Shoals:2 | Found a transporter.
 31408 | Shoals:2 | Noticed kthxbai's ghost (adept VSFi)
 31532 | D:8      | Bought a manual of Evocations for 1120 gold pieces
 31667 | Orc:2    | Bought a phantom mirror for 600 gold pieces
 31910 | Shoals:2 | Noticed Louise
 31958 | Shoals:2 | Killed Louise
 32870 | Shoals:2 | Found Daetuif's Book Shoppe.
 33425 | Shoals:3 | Noticed Polyphemus
 33465 | Shoals:3 | Killed Polyphemus
 33672 | Shoals:3 | Found Bovuceihopn's Assorted Antiques.
 33682 | Shoals:3 | Bought a scroll of enchant weapon for 225 gold pieces
 33752 | Shoals:3 | Reached skill level 15 in Evocations
 33771 | Shoals:3 | Reached XP level 19. HP: 111/179 MP: 15/32
 34045 | Shoals:3 | Identified the +7 long sword "Jelly's Demise" {antimagic,
                  | Dex+5}
 34293 | Shoals:4 | Entered Level 4 of the Shoals
 34536 | Abyss:3  | Cast into level 3 of the Abyss (merfolk impaler)
 34611 | Abyss:3  | Gained mutation: You are frail. (-10% HP) [a neqoxec]
 34614 | Abyss:3  | Reached skill level 1 in Stealth
 34625 | Abyss:3  | Noticed a hellephant
 34636 | Abyss:3  | Lost mutation: You are frail. (-10% HP) [potion of
                  | mutation]
 34636 | Abyss:3  | Gained mutation: Your system is resistant to poisons.
                  | (rPois) [potion of mutation]
 34636 | Abyss:3  | Lost mutation: Your system is resistant to poisons. (rPois)
                  | [potion of mutation]
 34636 | Abyss:3  | Gained mutation: Your natural rate of healing is unusually
                  | fast. [potion of mutation]
 34636 | Abyss:3  | Gained mutation: You have a pair of small horns on your
                  | head. [potion of mutation]
 34637 | Abyss:3  | Lost mutation: Your natural rate of healing is unusually
                  | fast. [potion of mutation]
 34637 | Abyss:3  | Lost mutation: You have a pair of small horns on your head.
                  | [potion of mutation]
 34637 | Abyss:3  | Gained mutation: You have hidden genetic potential. [potion
                  | of mutation]
 34757 | Abyss:3  | Paralysed by you for 4 turns
 34762 | Shoals:4 | Escaped the Abyss
 35210 | Shoals:4 | Noticed Nikola
 35224 | Shoals:4 | Killed Nikola
 35225 | Shoals:4 | Reached skill level 5 in Stealth
 35317 | Shoals:4 | Found the ring of the Hare {EV+8}
 35348 | Shoals:4 | Reached skill level 19 in Fighting
 35832 | Shoals:4 | Identified the ring "Dysiosui" {*Slow +Blink Dex+3 Slay+4}
 36007 | Shoals:4 | Got a barnacled rune of Zot
 36042 | Shoals:4 | Reached skill level 20 in Fighting
 36211 | Shoals:4 | Identified the +11 war axe of the Sea {freeze, +Blink}
 36840 | Depths:1 | Entered Level 1 of the Depths
 37527 | Depths:1 | Acquired the amulet of Kyrox {Reflect Rampage +Inv Will++
                  | rCorr Int-5 SH+5}
 38258 | Depths:1 | Found a gateway to Hell.
 38474 | Depths:2 | Reached skill level 1 in Translocations
 38482 | Depths:2 | Reached XP level 20. HP: 127/193 MP: 21/34
 38554 | Depths:2 | Found a one-way gate leading to the halls of Pandemonium.
 38797 | Depths:2 | Gained mutation: You have large cloven feet. [hidden
                  | potential]
 38979 | Depths:2 | Identified the +6 hand axe "Bulet" {freeze, Int-2 Dex+7}
 39190 | Depths:2 | Noticed the Enchantress
 39212 | Depths:2 | Killed the Enchantress
 40200 | Depths:2 | Identified the ring "Inugoa" {Ice Int+4}
 40200 | Depths:2 | Noticed Josephina
 40261 | Depths:2 | Killed Josephina
 40792 | Elf:1    | Found Moinewn's Book Emporium.
 41008 | Elf:1    | Got the Collected Works on Creation
 41457 | Elf:1    | Noticed Frances
 41467 | Elf:1    | Killed Frances
 41504 | Elf:1    | Noticed Donald
 41505 | Elf:1    | Reached skill level 21 in Fighting
 41514 | Elf:1    | Killed Donald
 41771 | Elf:1    | Paralysed by an air elemental for 1 turns
 42189 | D:2      | Bought a scroll of enchant weapon for 97 gold pieces
 42189 | D:2      | Bought a scroll of brand weapon for 123 gold pieces
 42842 | D:7      | Killed Menkaure
 43168 | Elf:2    | Reached XP level 21. HP: 201/204 MP: 26/35
 43342 | Elf:2    | Paralysed by an air elemental for 1 turns
 43602 | Elf:2    | Gained mutation: You are partially covered in iridescent
                  | scales. (AC +2) [hidden potential]
 43602 | Elf:2    | Lost mutation: You have hidden genetic potential. [hidden
                  | potential expressed]
 43715 | Elf:2    | Found a huge runed translucent gate.
 43715 | Elf:2    | Found a huge runed translucent gate.
 43715 | Elf:2    | Found a huge runed translucent gate.
 43715 | Elf:2    | Found a huge runed translucent gate.
 43733 | Elf:2    | Found a huge runed translucent gate.
 43911 | Elf:2    | Noticed Agnes
 43925 | Elf:2    | Killed Agnes
 43953 | Elf:2    | Noticed Asterion
 43961 | Elf:2    | Reached skill level 22 in Fighting
 43974 | Elf:2    | Killed Asterion
 44796 | Elf:3    | Entered Level 3 of the Elven Halls
 44890 | Elf:3    | Found Juef's Magic Scroll Shop.
 44909 | Elf:3    | Reached skill level 10 in Dodging
 45614 | Elf:3    | Identified the +1 robe of Sharp Creativity {Will+ Dex+4}
 45763 | Elf:3    | Identified the +1 great sword of Oresmeuph {vamp, Fragile
                  | rCorr MP+9 SInv}
 45774 | Abyss:3  | Cast into level 3 of the Abyss (a deep elf sorcerer)
 45847 | Abyss:3  | Got an abyssal rune of Zot
 45932 | Elf:3    | Escaped the Abyss
 45955 | Elf:3    | Identified the +9 war axe "Oschir" {flame, Str+7 Int-2
                  | Dex-3}
 45955 | Elf:3    | Identified the ring of Tuuc {rN+ rCorr Int-5 SInv}
 45956 | Elf:3    | Identified the +7 battleaxe "Egemma" {freeze, Int+5 Dex+3}
 45956 | Elf:3    | Identified the ring of Maurerong {rF- EV+4 Dex+6}
 46256 | Elf:3    | Identified the +8 great sword "Neewk" {elec, rElec rF+
                  | Str+4}
 46640 | Elf:3    | Identified the +0 pair of boots "Maniemoe" {rPois rF+
                  | Will++ Int-3}
 46664 | Elf:3    | Got the Enchiridion on Toxicity and Confrontation
 46935 | Elf:3    | Bought a scroll of enchant weapon for 90 gold pieces
 46935 | Elf:3    | Bought a scroll of enchant weapon for 90 gold pieces
 47145 | D:15     | Acquired 1204 gold pieces
 47235 | Depths:3 | Reached XP level 22. HP: 215/215 MP: 34/36
 47746 | Shoals:2 | Killed kthxbai's ghost
 47767 | Shoals:2 | Identified the ring "Hopleji" {Wiz rElec rF+}
 47769 | Shoals:2 | Identified the ring of Uzucs {Str+4 Int+6}
 47988 | D:15     | Identified a +4 demon trident of distortion (a +2 demon
                  | trident of electrocution corrupted by Lugonu)
 47988 | D:15     | Received a gift from Lugonu
 48735 | Depths:3 | Found a one-way gate to the infinite horrors of the Abyss.
 48793 | Depths:3 | Noticed a golden dragon
 48812 | Depths:3 | Killed a golden dragon
 48867 | Depths:3 | Reached skill level 1 in Polearms
 48881 | Depths:3 | Reached skill level 5 in Polearms
 49599 | Depths:4 | Entered Level 4 of the Depths
 49599 | Depths:4 | Found Koxygorae's Assorted Antiques.
 49655 | Depths:4 | Found a one-way gateway to a ziggurat.
 49657 | Depths:4 | Noticed a juggernaut
 49681 | Depths:4 | Killed a juggernaut
 49682 | Depths:4 | Reached skill level 10 in Polearms
 49703 | Depths:4 | Reached skill level 1 in Throwing
 50668 | Depths:4 | Noticed a golden dragon
 50722 | Depths:4 | Killed a golden dragon
 50734 | Depths:4 | Noticed a golden dragon
 50735 | Depths:4 | Reached skill level 5 in Throwing
 50751 | Depths:4 | Killed a golden dragon
 50975 | Depths:4 | Found a gate to the Realm of Zot.
 51115 | Depths:4 | Found Tezuman's Armour Emporium.
 51116 | Depths:4 | Found Cagg's Armour Emporium.
 51116 | Depths:4 | Found Kol Huce's Assorted Antiques.
 51119 | Depths:4 | Found Cikhloym's Magic Scroll Shoppe.
 51133 | Depths:4 | Bought a scroll of acquirement for 1196 gold pieces
 51134 | Depths:4 | Acquired 771 gold pieces
 51137 | Depths:4 | Bought a scroll of blinking for 172 gold pieces
 51137 | Depths:4 | Bought 2 scrolls of blinking for 345 gold pieces
 51140 | Depths:4 | Bought a potion of might for 128 gold pieces
 51469 | Vaults:1 | Entered Level 1 of the Vaults
 51870 | Vaults:1 | Reached XP level 23. HP: 223/223 MP: 17/37
 52464 | Vaults:1 | Found Hotiph's General Store.
 52499 | Vaults:1 | Noticed Saint Roka
 52518 | Vaults:1 | Killed Saint Roka
 52934 | Vaults:1 | Noticed Aizul
 52954 | Vaults:1 | Killed Aizul
 53849 | Vaults:2 | Noticed Zenata
 53867 | Vaults:2 | Killed Zenata
 53949 | Vaults:2 | Found a magical portal.
 54001 | WizLab   | Entered Eringya's Formal Garden
 54255 | WizLab   | Slain by a fenstrider witch

Illustrated notes

Levels and vault maps discovered:
D:1:      nzn_arrival_depleted_hourglass, layout_loops_corners,
          minmay_pentomino_t4
D:2:      layout_loops_corners, serial_shops, nicolae_square_shop, shop_statue,
          nicolae_shop_crystal, shop_statue, nicolae_ecumenical_pavilion
D:3:      layout_basic, small_statue_intersection, serial_park_tiny_pond
D:4:      layout_cave_pools, gammafunk_ghost_necromancy
D:5:      layout_loops_ring, mainiacjoe_overflow_surrounded_room,
          cheibrodos_sewer_entry_drain, uniq_blork_the_orc
D:6:      layout_rooms, chequers_serial_rivers_small_a, wad_rectangle_vault
D:7:      layout_basic, gammafunk_temple_of_torment, minmay_temple_entry_ruins,
          minmay_fire_ice_demons, uniq_joseph, uniq_menkaure,
          uniq_crazy_yiuf_cottage
D:8:      layout_basic, lemuel_coloured_pillars_altar, nicolae_shop_vocational,
          uniq_grum, uniq_erica
D:9:      layout_roguey, nzn_wu_jian_contemplation,
          nicolae_dithmenos_shadow_blocks, amcnicky_altar_gilded
D:10:     minmay_the_grid_octo_2x2 [minmay_the_grid_octo_odd_swirl,
          minmay_the_grid_octo_horde, minmay_the_grid_octo_shrine,
          minmay_the_grid_octo_prize_star], layout_cave_pools,
          grunt_temple_overflow_champion_of_chaos, mainiacjoe_overflow_alcove_2
D:11:     layout_cave_pods, erik_orc_4, gauntlet_entry_generic
D:12:     layout_basic, nicolae_kikubaaqudgha_miasma_corner, uniq_erolcha,
          uniq_kirke
D:13:     layout_grid_maze, hangedman_vaults_entry_quadrant_bands, uniq_sonja
D:14:     layout_long_grid, fedhas_altar_4, minivault_16
D:15:     hangedman_depths_entry_try_elsewhere_first, layout_loops_ring,
          xom_redecorated, hangedman_abyss_or_decor_slice, minmay_statues_item
Lair:1:   layout_chaotic_city
Lair:2:   layout_chaotic_city, elwin_shoals_entry_rooms,
          spider_nest_entry_web_field, uniq_amaemon, uniq_urug
Lair:3:   layout_regular_city, basic_altar, lemuel_fruit_tree,
          grunt_megastairs_2
Lair:4:   layout_hall_layers, dpeg_slime_entry_corner, basic_altar,
          grunt_megastairs_4
Lair:5:   due_jungle_book, layout_loops_ring, pond
Shoals:1: layout_shoals, ldierk_geyser
Shoals:2: layout_shoals, ebering_ghost_davey_jones, serial_shops, shop,
          uniq_louise
Shoals:3: layout_shoals, serial_shops, shop_fountains,
          nicolae_shoals_water_booths, uniq_polyphemus
Shoals:4: shoals_end_simple, layout_shoals, uniq_nikola
Spider:1: layout_spider_delve, hellmonk_motheaten_closet, uniq_roxanne
Spider:2: layout_spider_delve, nicolae_arachne_temple
Spider:3: layout_spider_delve, drop_trap, nicolae_spider_circle_web,
          nicolae_spider_nook
Spider:4: hellmonk_spider_rune_endless_swarm, uniq_mlioglotl, uniq_arachne
Orc:1:    layout_caves, gammafunk_ghost_split, nicolae_shop_firing_range
Orc:2:    st_orc_town, layout_caves, nicolae_volcano_entry_vermiform,
          nicolae_shop_self_help, uniq_nessos, uniq_maurice, uniq_azrael
Elf:1:    minmay_elf_arrival_circle, layout_gridlike, serial_shops, shop,
          minmay_elf_demonology, minmay_fountain_box, uniq_donald, uniq_frances
Elf:2:    elven_hall_of_blades_hangedman_alternative
          [nicolae_blade_entry_antechamber], layout_loops_ring, st_stairs_13,
          uniq_asterion, uniq_agnes
Elf:3:    minmay_elf_hall_statues, layout_geoelf_castle, serial_shops, shop
Vaults:1: vaults_room_octagon, vaults_room_boxed, hangedman_vaults_maws,
          v_misc_27, v_misc_22, vaults_room_door_hall, vaults_mumra_minichess,
          vaults_dpeg_emergency_exit, nicolae_vaults_border_crossing,
          nicolae_vaults_circle_grid_a, nicolae_vaults_little_squares_3,
          layout_vaults_omnigrid, serial_shops, shop, uniq_saint_roka,
          uniq_aizul
Vaults:2: lightli_enter_wizlab_magi_temple, hangedman_vaults_river_flow,
          v_pattern_4, hangedman_vaults_nails, hangedman_vaults_restitches,
          nicolae_vaults_sealed_display, hangedman_vaults_slither,
          ontoclasm_vaults_pinch, grunt_vaults_focal, vaults_room_door_ring,
          v_misc_22, hangedman_vaults_impose, v_misc_25,
          nicolae_vaults_little_squares_4, vaults_mumra_lcd,
          layout_vaults_big_room, serial_shops, nicolae_shop_stone, uniq_zenata
Depths:1: layout_cave_shapes, hellmouth_1, grunt_decor_junction,
          patterned_corridor
Depths:2: evilmike_cross, layout_gridville, minmay_misc_feat_nine_boxes,
          lightli_too_deep, grunt_pan_entry_zigzag, uniq_enchantress,
          uniq_josephina
Depths:3: kennysheep_ambush_hall, layout_cave_pools,
          nicolae_abyss_entry_one_way_or_another, hell_entry,
          grunt_pan_entry_sceptre
Depths:4: evilmike_zot_entry_diamond, layout_cave_pools, enter_ziggurat_e,
          hell_entry, serial_shops, nicolae_shop_hallway_stairs,
          minmay_shoptagon
WizLab:   wizlab_eringya

Skill      XL: |  1  2  3  4  5  6  7  8  9 10 11 12 13 14 15 16 17 18 19 20 21 22 23 |
---------------+----------------------------------------------------------------------+-----
Axes           | 3 4 6 8 10 11 14 18 | 18.0
Invocations    | 3 5 8 9 10 12 15 16 19 20 | 20.7
Fighting       | 4 5 8 10 12 15 16 18 20 21 22 | 22.0
Shields        | 4 5 8 10 12 13 | 13.1
Armour         | 5 8 10 11 12 14 15 18 | 18.0
Evocations     | 2 6 7 8 10 15 16 18 | 18.0
Dodging        | 3 5 8 10 | 10.3
Stealth        | 5 7 8 |  8.0
Translocations | 1 3 |  3.0
Polearms       | 10 | 10.1
Throwing       | 7 9 |  9.9

Action                   |  1- 3 |  4- 6 |  7- 9 | 10-12 | 13-15 | 16-18 | 19-21 | 22-24 || total
-------------------------+-------+-------+-------+-------+-------+-------+-------+-------++-------
Melee: Hand axe          |    17 |       |   317 |   430 |       |       |       |       ||   764
       Whip              |    79 |   149 |    34 |       |       |       |       |       ||   262
       Punch             |     1 |     3 |     1 |       |       |       |       |       ||     5
       War axe           |       |       |       |   122 |   115 |       |   311 |       ||   548
       Broad axe         |       |       |       |       |   873 |  1591 |  1213 |   834 ||  4511
       Mace              |       |       |       |       |    53 |       |       |       ||    53
Throw: Dart              |       |       |     9 |    22 |     4 |     6 |       |       ||    41
Invok: Banish            |       |       |       |     2 |       |       |       |       ||     2
       Corrupt           |       |       |       |     1 |     1 |       |       |       ||     2
       Bend Space        |       |       |       |       |     2 |     4 |     1 |       ||     7
       Depart the Abyss  |       |       |       |       |       |       |     1 |       ||     1
       Brand Weapon With |       |       |       |       |       |       |       |     1 ||     1
Evoke: Wand              |       |       |     1 |    15 |     7 |    28 |    14 |     2 ||    67
       Tin of tremorston |       |       |       |     2 |     3 |    10 |     7 |     1 ||    23
       Phial of floods   |       |       |       |       |       |     2 |     2 |       ||     4
       Phantom mirror    |       |       |       |       |       |       |     3 |     1 ||     4
       Lightning rod     |       |       |       |       |       |       |       |     4 ||     4
       Condenser vane    |       |       |       |       |       |       |       |     1 ||     1
  Use: Scroll            |       |     3 |     9 |    12 |    11 |     9 |    19 |     7 ||    70
       Potion            |       |       |       |     8 |     7 |    20 |    20 |     5 ||    60
 Stab: Sleeping          |     1 |       |       |       |       |       |     1 |     2 ||     4
       Paralysed         |       |       |       |    11 |       |     3 |       |     5 ||    19
       Distracted        |       |       |       |     1 |       |       |     1 |     1 ||     3
       Petrified         |       |       |       |       |       |     2 |       |       ||     2
Armor: Leather armour    |     9 |       |       |       |       |       |       |       ||     9
       Chain mail        |    15 |   103 |     5 |       |       |       |       |       ||   123
       Ring mail         |     8 |       |       |       |       |       |       |       ||     8
       Scale mail        |       |       |   123 |   230 |   436 |   760 |   525 |   141 ||  2215
       Plate armour      |       |       |       |       |       |       |       |   161 ||   161
Dodge: Dodged            |    59 |    59 |   134 |   173 |   323 |   705 |   878 |   606 ||  2937
       Repelled          |       |       |       |       |       |     6 |    27 |    16 ||    49
Block: Buckler           |       |       |    39 |   147 |   339 |   684 |   570 |   198 ||  1977
       Kite shield       |       |       |       |       |       |       |       |   330 ||   330
       Reflection        |       |       |       |       |       |       |       |    34 ||    34
